 Dungeon Crawl Stone Soup version 0.17.0-26-gececa24 (webtiles) character file.

28 M4edhros the Charlatan (level 3, -1/23 HPs)
             Began as an Octopode Artificer on Nov 19, 2015.
             Slain by Raultor's ghost (16 damage)
             ... on level 3 of the Dungeon.
             The game lasted 00:01:03 (627 turns).

M4edhros the Charlatan (Octopode Artificer)          Turns: 627, Time: 00:01:03

Health: -1/23      AC:  1    Str: 10    XL:     3   Next: 12%
Magic:  6/6        EV: 12    Int: 14    God:
Gold:   66         SH:  0    Dex: 13    Spells: 0 memorised, 2 levels left

rFire  . . .     SeeInvis .     a - +0 short sword
rCold  . . .     Clarity  .     (no shield)
rNeg   . . .     SustAt   .     (helmet restricted)
rPois  .         Gourm    .     (no amulet)
rElec  .         Spirit   .     (no ring)
rCorr  .         Warding  .     (no ring)
rMut   .         Stasis   .     (no ring)
MR     .....                    (no ring)
Stlth  +++.......               (no ring)
                                (no ring)
                                (no ring)
                                (no ring)

@: not resistant to hostile enchantments, fairly stealthy
A: almost no armour, amphibious, 8 rings, constrict 8, camouflage 1, gelatinous
body 1
a: no special abilities


You were on level 3 of the Dungeon.
You were not hungry.

You visited 1 branch of the dungeon, and saw 3 of its levels.

You collected 66 gold pieces.

Inventory:

Hand Weapons
 a - a +0 short sword (weapon)
Wands
 b - a wand of flame (13)
 c - a wand of enslavement (15)
 d - a wand of random effects (15)
 g - a wand of teleportation (8)
Scrolls
 f - 2 scrolls of identify {unknown}
 k - a scroll of recharging {unknown}
 l - a scroll of random uselessness {unknown}
Potions
 i - a potion of curing {unknown}
Books
 j - a book of Beasts

   Spells                             Type                      Level
   a - Summon Butterflies             Summoning                    1
   b - Call Canine Familiar           Summoning                    3
   c - Summon Ice Beast               Ice/Summoning                4
   d - Summon Mana Viper              Hexes/Summoning              5
   e - Summon Hydra                   Summoning                    7
Comestibles
 e - a bread ration
 h - a beef jerky


   Skills:
 - Level 1.0 Fighting
 - Level 1.0 Short Blades
 - Level 2.0 Dodging
 + Level 3.1 Stealth
 + Level 4.0 Evocations


You had 2 spell levels left.
You didn't know any spells.

Dungeon Overview and Level Annotations

Branches:
Dungeon (3/15)

Altars:

Annotations:
D:3 Raultor's ghost, novice OpMo


Innate Abilities, Weirdness & Mutations

You cannot wear most types of armour.
You are amphibious.
You can wear up to eight rings at the same time.
You can use your tentacles to constrict eight enemies at once.
Your skin changes colour to match your surroundings (Stealth).
Your rubbery body absorbs attacks (AC +1).


Message History

The goblin wields a hunting sling.
The goblin shoots a stone.
The stone hits you.
You see here a stone.
The goblin shoots a stone.
The stone barely misses you.
The goblin unwields an uncursed hunting sling.
The goblin barely misses you.
You closely miss the goblin. Your grab misses the goblin.
The goblin misses you.
The goblin wields an uncursed hunting sling.
The goblin shoots a stone.
The stone closely misses you.
You see here a stone.
The goblin shoots a stone.
The stone hits you.
You see here a stone.
Raultor's ghost whispers, "Death doesn't hurt.
What you feel is life."
The goblin shoots a stone.
The stone barely misses you.
The goblin shoots a stone.
The stone misses you.
Found 21 bolts and a fizzy silvery potion.
The goblin shoots a stone.
The stone hits you. Raultor's ghost hits you!
Ouch! That really hurt!
You die...

.... .# .....
...########.#.......
#.###
.....(......#........
#
...###(...###........
# ...# #...$# #.......
...# #....# #......
...# #....###....#####
...###(..............#
.
..#.............@..(.#
..
..#.......g....W.....#
...
..#.(........#....####
..#..........#....#
...........(.#..!.#
#..........(.#....#
#............######
##...........#
#...........#


You could see Raultor's ghost and a goblin.

Vanquished Creatures
  An adder (D:3)
  A worm (D:2)
  A hobgoblin (D:1)
  3 jackals (D:2)
  A ball python (D:2)
  3 bats (D:1)
  A goblin (D:2)
  4 kobolds
  A rat (D:1)
16 creatures vanquished.

Notes
Turn   | Place    | Note
--------------------------------------------------------------
     0 | D:1      | M4edhros the Octopode Artificer began the quest for the Orb.
     0 | D:1      | Reached XP level 1. HP: 13/13 MP: 3/3
   149 | D:1      | Reached XP level 2. HP: 4/18 MP: 4/4
   566 | D:3      | Reached skill level 4 in Evocations
   566 | D:3      | Reached XP level 3. HP: 23/23 MP: 4/6
   581 | D:3      | Noticed Raultor's ghost (novice OpMo)
   627 | D:3      | Slain by Raultor's ghost

Action                   || total
-------------------------++-------
Melee: Short sword       ||    42
Evoke: Wand              ||     2
  Use: Potion            ||     1
 Stab: Sleeping          ||     2
